 Dungeon Crawl Stone Soup version 0.32-a0-485-g70f7560b1c (webtiles) character file.

Game seed: 14881422531707449026

98 Ambrosia the Ducker (level 4, -2/34 HPs)
             Began as a Coglin Gladiator on Feb 26, 2024.
             Killed by nerve-wracking pain
             ... invoked by an orc priest
              (8 damage)
             ... on level 3 of the Dungeon.
             The game lasted 00:04:12 (2248 turns).

Ambrosia the Ducker (Coglin Gladiator)              Turns: 2248, Time: 00:04:14

Health: -2/34      AC: 14    Str: 14    XL:     4   Next: 69%
Magic:  4/4        EV: 10    Int:  7    God:
Gold:   114        SH:  0    Dex: 18    Spells: 3/3 levels left

rFire   . . .        a - +0 long sword (protect) {Fatehjeet}
rCold   . . .        (no shield)
rNeg    . . .        h - +0 scale mail
rPois   .            c - +0 helmet
rElec   .            (no cloak)
rCorr   .            (no gloves)
SInv    .            (no boots)
Will    .....        (no amulet) Stlth
                     (ring unavailable)
HPRegen 0.25/turn    (ring unavailable)
MPRegen 0.09/turn

%: no passive effects
@: under a protective aura, revved
A: off-hand wielding, slow wielding, warmup strikes, no rings
a: Convert to Beogh


You were on level 3 of the Dungeon.
You visited 1 branch of the dungeon, and saw 3 of its levels.

You collected 114 gold pieces.


Innate Abilities, Weirdness & Mutations

You can wield a second weapon in your off-hand.
It takes a long time for you to wield or remove held weapons.
Your first few attacks do less damage.
Your grasper-arms cannot wear rings.


   Skills:
 + Level 2.5 Fighting
 + Level 3.4 Long Blades
 - Level 1.7 Throwing
 * Level 2.0 Armour
 * Level 3.5 Dodging


You had 3 spell levels left.
You didn't know any spells.
Your spell library contained the following spells:

 Spells                   Type           Power      Damage    Failure   Level
 Cigotuvi's Dreadful Rot  Necr/Alch/Air  0%         N/A       96%         2
 Ignite Poison            Fire/Alch      0%         N/A       100%        4
 Freezing Cloud           Conj/Ice/Air   0%         6-21      100%        5

Inventory:

Hand Weapons
 a - a +0 long sword of protection (weapon) {Fatehjeet}
Missiles
 d - a throwing net (quivered) {=f!f}
 e - a javelin
 g - 9 poisoned darts
Armour
 c - a +0 helmet (worn)
 h - a +0 scale mail (worn)
   (You found it on level 2 of the Dungeon)
Scrolls
 b - 2 scrolls of revelation
 l - a scroll of brand weapon
Potions
 f - 2 potions of haste
 j - 2 potions of curing {unknown}
 k - 2 potions of degeneration {unknown}

Dungeon Overview and Level Annotations

Branches:
Dungeon (3/15) Zot: 15725

Altars:

#.... .# ## #.... ..
...### #.....#.
..... #.....#. ...#
....#.##..♣ .....#.#
#o#o..+ #.@?..## ..#
#######...♣# ...#
...(.......#+#....#
................#.#
..........##.#.# .#
.........>##... .#
.........###.####.#
..................#
.........#######.###


You could see an orc priest (caught) and an orc.


Message History

You kill the orc!
The orc priest barely misses you.
Unknown command.
Unknown command.
You hit the orc priest but do no damage.
The orc hits you with a +0 hand axe.
The orc priest looks satisfied for a moment. 😕 HP[-2]
You take 2 damage, and now have 32/34 hp.
Unknown command.
You hit the orc priest. The orc barely misses you.
The orc priest completely misses you. The orc priest barely misses you.
The orc misses you.
Unknown command.
You hit the orc priest. The orc hits you with a +0 hand axe.
The orc priest closely misses you. 😕 HP[-1]
You take 1 damage, and now have 31/34 hp.
Unknown command.
You barely miss the orc priest. The orc closely misses you.
The orc priest hits you but does no damage.
Unknown command.
You closely miss the orc priest. The orc closely misses you.
The orc priest begins to cast a cantrip, but forgets the words!
Unknown command. 😕 HP[+1]
You hit the orc priest but do no damage.
The orc hits you but does no damage.
The orc priest hits you but does no damage.
The orc priest closely misses you. The orc barely misses you.
Unknown command.
You hit the orc priest. The orc hits you but does no damage.
The orc priest completely misses you.
Unknown command.
You barely miss the orc priest. The orc hits you but does no damage.
The orc priest mumbles some strange prayers to Beogh against you.
Beogh smites you!
The orc priest shouts, "The Pantheon deserves no one's loyalty.
Let us show you the true path!" (press Y on the ability menu to convert to Beogh) 😮 HP[-12]
You take 12 damage, and now have 20/34 hp.
MASSIVE DAMAGE!! (PAUSE) Hit: a) +0 long sword (protect) {Fatehjeet}
Press: ? - help, Dir - move target, f - orc priest
Aim: an orc priest, wielding a +0 club and wearing a +0 leather armour (heavily wounded, about 38% to evade your +0 long sword of protection)
You hit the orc priest but do no damage.
The orc hits you with a +0 hand axe.
The orc priest hits you but does no damage.
The orc priest shouts, "Surrender to Beogh and we'll let you live!" 😮 HP[-1]
You take 1 damage, and now have 19/34 hp.
Hit: a) +0 long sword (protect) {Fatehjeet}
Press: ? - help, Dir - move target, f/p - orc priest
Aim: an orc priest, wielding a +0 club and wearing a +0 leather armour (heavily wounded, about 38% to evade your +0 long sword of protection)
The orc priest shouts, "Surrender to Beogh and we'll let you live!"
You hit the orc priest but do no damage.
The orc closely misses you.
The orc priest calls down the wrath of Beogh upon you.
Pain shoots through your body!
* * * LOW HITPOINT WARNING * * *
The orc priest hits you but does no damage.
The orc closely misses you. 😱 HP[-12]
You take 12 damage, and now have 7/34 hp.
MASSIVE DAMAGE!! (PAUSE) Really fire
d - 2 throwing nets {=f!f}?
Unknown command.
Unknown command.
Okay, then.
Hit: a) +0 long sword (protect) {Fatehjeet}
Press: ? - help, Dir - move target, f/p - orc priest
Aim: an orc priest, wielding a +0 club and wearing a +0 leather armour (heavily wounded, about 38% to evade your +0 long sword of protection)
You hit the orc priest.
The orc priest threatens, "Beogh's wrath is as vast as their mercy.
Make your choice!" The orc hits you but does no damage.
The orc priest hits you with a +0 club.
* * * LOW HITPOINT WARNING * * *
😱 HP[-1]
You take 1 damage, and now have 6/34 hp.
Hit: a) +0 long sword (protect) {Fatehjeet}
Press: ? - help, Dir - move target, f/p - orc priest
Aim: an orc priest, wielding a +0 club and wearing a +0 leather armour (severely wounded, about 38% to evade your +0 long sword of protection)
Okay, then.
Throw: 2 throwing nets {=f!f}
Press: ? - help, Q - select action, (/) - cycle Shift-Dir - straight line, f/p - orc priest
Aim: an orc priest, wielding a +0 club and wearing a +0 leather armour (severely wounded, 59% to hit)
You throw a throwing net {=f!f}.
The throwing net {=f!f} hits the orc priest.
The orc priest is caught in the net!
The orc barely misses you.
The orc priest struggles against the net.
Unknown command.
Hit: a) +0 long sword (protect) {Fatehjeet}
Press: ? - help, Dir - move target, f/p - orc priest
Aim: an orc priest, wielding a +0 club and wearing a +0 leather armour (severely wounded, entangled in a net, about 10% to evade your +0 long sword of protection)
You hit the orc priest but do no damage.
The orc priest shouts, "Surrender to Beogh and we'll let you live!"
The orc hits you but does no damage.
The orc priest invokes the aid of Beogh against you.
Pain shoots through your body!
You die...

Skill      XL: |  1  2  3  4 |
---------------+-------------+-----
Dodging        | 3 |  3.5
Armour         | 1 2 |  2.0
Fighting       | |  2.5
Long Blades    | |  3.4
Throwing       | |  1.7

Action                     |  1- 3 |  4- 6 || total
---------------------------+-------+-------++-------
  Melee: Long sword        |    79 |    88 ||   167
  Throw: Throwing net      |     2 |     1 ||     3
    Use: Scroll            |     3 |     4 ||     7
         Potion            |     1 |       ||     1
   Stab: Sleeping          |     1 |       ||     1
         Held in net/web   |     1 |       ||     1
 Armour: Leather armour    |    51 |     6 ||    57
         Scale mail        |       |    45 ||    45
         Skin              |       |     6 ||     6
  Dodge: Dodged            |    96 |    52 ||   148

Levels and vault maps discovered:
D:1:      amcnicky_arrival_flooded_fountain, layout_basic
D:2:      layout_basic, grunt_ministairs_2
D:3:      layout_basic, minitemple, serial_shops, nicolae_shop_real_fake_doors,
          minmay_splitting_lines

Notes
Turn   | Place    | Note
-------+----------+-------------------------------------------
     0 | D:1      | Ambrosia the Coglin Gladiator began the quest for the Orb.
     0 | D:1      | Reached XP level 1. HP: 16/16 MP: 1/1
     0 | D:1      | magus.rc [v1.11.6]
   157 | D:1      | Reached XP level 2. HP: 9/22 MP: 2/2
   283 | D:1      | Reached skill level 3 in Dodging
   338 | D:1      | Reached skill level 1 in Armour
   363 | D:1      | HP: 1/22 [frozen (5)]
   505 | D:1      | Reached XP level 3. HP: 25/27 MP: 3/3
   512 | D:1      | You add the spells Cigotuvi's Dreadful Rot, Ignite Poison
                  | and Freezing Cloud to your library.
  1009 | D:1      | You fall into a shaft and drop 1 floor!
  1149 | D:2      | Reached XP level 4. HP: 34/34 MP: 4/4
  2031 | D:1      | Reached skill level 2 in Armour
  2245 | D:3      | HP: 7/34 [orc priest/nerve-wracking pain (12)]
  2248 | D:3      | Killed from afar by an orc priest

Vanquished Creatures
  3 gnolls
  An adder (D:2)
  4 ribbon worms (D:2)
  A dart slug (D:1)
  An orc (D:3)
  6 bats
  5 endoplasms
  A giant cockroach (D:1)
  2 goblins
  3 hobgoblins
  4 quokkas
  7 ball pythons
  4 frilled lizards
  5 kobolds
  A rat (D:1)
48 creatures vanquished.

Table legend:
 A = Non-vault XP
 B = Vault XP
 C = Vault XP percentage of total XP
 D = Non-vault monster count
 E = Vault monster count
 F = Vault count percentage of total count
                 A         B        C        D         E       F
            +---------+---------+-------+---------+---------+-------
      Total |     135 |       5 |   3.6 |      46 |       2 |   4.2
            +---------+---------+-------+---------+---------+-------
        D:1 |      56 |       0 |   0.0 |      26 |       0 |   0.0
        D:2 |      75 |       5 |   6.2 |      18 |       2 |  10.0
        D:3 |       4 |       0 |   0.0 |       2 |       0 |   0.0
            +---------+---------+-------+---------+---------+-------

Skill      XL: |  1  2  3  4 |
---------------+-------------+-----
Dodging        | 3 |  3.5
Armour         | 1 2 |  2.0
Fighting       | |  2.5
Long Blades    | |  3.4
Throwing       | |  1.7

Action                     |  1- 3 |  4- 6 || total
---------------------------+-------+-------++-------
  Melee: Long sword        |    79 |    88 ||   167
  Throw: Throwing net      |     2 |     1 ||     3
    Use: Scroll            |     3 |     4 ||     7
         Potion            |     1 |       ||     1
   Stab: Sleeping          |     1 |       ||     1
         Held in net/web   |     1 |       ||     1
 Armour: Leather armour    |    51 |     6 ||    57
         Scale mail        |       |    45 ||    45
         Skin              |       |     6 ||     6
  Dodge: Dodged            |    96 |    52 ||   148

Illustrated notes

Table legend:
 A = Kills in this place as a percentage of kills in the entire game.
 B = Kills by you in this place as a percentage of kills by you in the entire game.
 C = Kills by friends in this place as a percentage of kills by friends in the entire game.
 D = Other kills in this place as a percentage of other kills in the entire game.
 E = Experience gained in this place as a percentage of experience gained in the entire game.
 F = Experience gained in this place divided by the number of levels of this place that you have seen.
                   A       B       C       D       E      F
               +-------+-------+-------+-------+-------+----------------------
         Total | 100.0 | 100.0 |   N/A |   N/A | 100.0 |  46.7
       Dungeon | 100.0 | 100.0 |   N/A |   N/A | 100.0 |  46.7
               +-------+-------+-------+-------+-------+----------------------

Table legend: (Time is in decaauts)
 A = Elapsed time spent in this place.
 B = Non-inter-level travel time spent in this place.
 C = Inter-level travel time spent in this place.
 D = Time resting spent in this place.
 E = Time spent auto-exploring this place.
 F = Levels seen in this place.
 G = Mean time per level.
                   A        B        C        D        E       F      G
               +--------+--------+--------+--------+--------+-----+--------+
         Total |   2273 |   2267 |      6 |    525 |   1256 |   3 |  757.7 |
       Dungeon |   2273 |   2267 |      6 |    525 |   1256 |   3 |  757.7 |
               +--------+--------+--------+--------+--------+-----+--------+

Top non-repeatable levels by time:
     D:1: 1144 daAuts
     D:2: 1057 daAuts
     D:3: 71 daAuts
